 Dungeon Crawl Stone Soup version 0.32-a0-779-g362cfcae2a (webtiles) character file.

Game seed: 14664964687859553054

173 Aldia the Charlatan (level 5, -3/41 HPs)
             Began as a Coglin Artificer on Mar 19, 2024.
             Slain by Terence
             ... wielding a +0 flail
              (4 damage)
             ... on level 2 of the Dungeon.
             The game lasted 00:01:42 (920 turns).

Aldia the Charlatan (Coglin Artificer)               Turns: 920, Time: 00:01:44

Health: -3/41      AC:  7    Str: 12    XL:     5   Next: 53%
Magic:  5/5        EV:  8    Int: 11    God:
Gold:   21         SH:  0    Dex: 16    Spells: 4/4 levels left

rFire   . . .        h - +0 short sword {Fusazane}
rCold   . . .        f - +0 dagger {Li}
rNeg    . . .        i - +0 scale mail
rPois   .            (no helmet)
rElec   .            g - +0 cloak
rCorr   .            (no gloves)
SInv    .            (no boots)
Will    .....        (amulet unavailable) Stlth
                     (ring unavailable)
HPRegen 0.26/turn    (ring unavailable)
MPRegen 0.09/turn    (no gizmo)

%: no passive effects
@: revved
A: off-hand wielding, slow wielding, warmup strikes, no jewellery
a: Invent Gizmo


You were on level 2 of the Dungeon.
You visited 1 branch of the dungeon, and saw 2 of its levels.

You collected 21 gold pieces.

Inventory:

Hand Weapons
 a - a +0 club {Mettia}
 f - a +0 dagger (offhand) {Li}
 h - a +0 short sword (weapon) {Fusazane}
Armour
 b - a +0 leather armour
 g - a +0 cloak (worn)
 i - a +0 scale mail (worn)
Wands
 c - a wand of flame (12) (quivered)
 d - a wand of charming (15)
 e - a wand of iceblast (4)
Scrolls
 k - 2 scrolls of identify {unknown}
Potions
 j - a potion of mutation {unknown}
 l - a potion of invisibility {unknown}
 m - a potion of curing {unknown}


   Skills:
 + Level 3.2 Fighting
 * Level 3.3 Short Blades
 + Level 2.0 Armour
 + Level 1.0 Dodging
 - Level 1.0 Stealth
 - Level 4.0 Evocations


You had 4 spell levels left.
You didn't know any spells.
Your spell library contained the following spells:

 Spells                   Type           Power      Damage    Failure   Level
 Sigil of Binding         Hex            0%         N/A       99%         3
 Death Channel            Necr           0%         N/A       100%        6
 Sculpt Simulacrum        Ice/Alch       0%         N/A       100%        6


Dungeon Overview and Level Annotations

Branches:
Dungeon (2/15)

Altars:

Annotations:
D:2 Terence


Innate Abilities, Weirdness & Mutations

You can wield a second weapon in your off-hand.
It takes a long time for you to wield or remove held weapons.
Your first few attacks do less damage.
You cannot equip rings or amulets.


Message History

You closely miss Terence with your +0 short sword.
Terence hits you with a +0 flail.
You hit Terence but do no damage.
Terence is moderately wounded.
You barely miss Terence with your +0 short sword.
Terence hits you with a +0 flail.
You closely miss Terence with your +0 dagger.
Terence is moderately wounded.
You hit Terence but do no damage. Terence hits you with a +0 flail.
You hit Terence but do no damage.
Terence is moderately wounded.
You hit Terence with your +0 dagger.
A bat comes into view.
Terence hits you with a +0 flail.
* * * LOW HITPOINT WARNING * * *
You closely miss Terence with your +0 dagger.
Terence is moderately wounded.
You hit Terence with your +0 short sword.
Terence barely misses you.
You hit Terence but do no damage.
Terence is heavily wounded.
You hit Terence but do no damage.
You barely miss Terence with your +0 short sword.
Terence is heavily wounded.
You hit Terence but do no damage. The bat hits you but does no damage.
Terence hits you with a +0 flail.
* * * LOW HITPOINT WARNING * * *
The bat hits you but does no damage.
You hit Terence with your +0 dagger.
Terence is heavily wounded.
You hit Terence but do no damage. The bat hits you but does no damage.
Terence hits you with a +0 flail.
* * * LOW HITPOINT WARNING * * *
You barely miss Terence with your +0 short sword.
Terence is heavily wounded.
You barely miss Terence with your +0 dagger.
The bat barely misses you. The bat hits you but does no damage.
Terence hits you with a +0 flail.
You die...
Terence says, "Time to find some more victims."

###.........##.##.###..#
# #..#...#...#^# .###.#
##..####.#.#...##.#...#.
...## #....#...........
.######.................
.............###........
............. ##........
............. #.........
............# #.@b....<.
............ #..@...)...
.>.............##.#.....
........ ....## ...##..
......#. ...# .... .#
......# .(< .....
........ ## .....#
........ ...... #.#..###


You could see Terence and a bat.

Vanquished Creatures
  Sigmund (D:2)
  A ribbon worm (D:2)
  An endoplasm (D:1)
  A giant cockroach (D:1)
  2 goblins
  3 hobgoblins
  2 ball pythons (D:1)
  A bat (D:1)
  A frilled lizard (D:1)
13 creatures vanquished.

Notes
Turn   | Place    | Note
-------+----------+-------------------------------------------
     0 | D:1      | Aldia the Coglin Artificer began the quest for the Orb.
     0 | D:1      | Reached XP level 1. HP: 15/15 MP: 1/1
   112 | D:1      | Reached skill level 1 in Dodging
   192 | D:1      | Reached skill level 1 in Stealth
   662 | D:1      | Reached XP level 2. HP: 15/21 MP: 2/2
   799 | D:2      | Noticed Sigmund
   803 | D:2      | Killed Sigmund
   804 | D:2      | Reached XP level 3. HP: 29/29 MP: 3/3
   804 | D:2      | Reached XP level 4. HP: 35/35 MP: 4/4
   804 | D:2      | Reached XP level 5. HP: 41/41 MP: 5/5
   903 | D:2      | Noticed Terence
   919 | D:2      | HP: 1/41 [Terence/+0 flail (6)]
   920 | D:2      | Slain by Terence

Illustrated notes

Levels and vault maps discovered:
D:1:      noname_arrival_rooms_in_the_neighbourhood, layout_loops_corners,
          nicolae_the_louvre
D:2:      layout_rooms, serial_shops, shop, basic_altar, minmay_puff,
          uniq_sigmund, uniq_terence

Skill      XL: |  1  2 |
---------------+-------+-----
Dodging        | 1 |  1.0
Stealth        | 1 |  1.0
Armour         | 2 |  2.0
Fighting       | 3 |  3.2
Short Blades   | 3 |  3.3
Evocations     | |  4.0

Action                     |  1- 3 |  4- 6 || total
---------------------------+-------+-------++-------
  Melee: Dagger            |    25 |    27 ||    52
         Club              |    14 |       ||    14
         Short sword       |    12 |    26 ||    38
  Evoke: Wand              |     4 |       ||     4
 Armour: Leather armour    |    18 |       ||    18
         Scale mail        |       |    17 ||    17
  Dodge: Dodged            |    13 |     8 ||    21

Table legend: (Time is in decaauts)
 A = Elapsed time spent in this place.
 B = Non-inter-level travel time spent in this place.
 C = Inter-level travel time spent in this place.
 D = Time resting spent in this place.
 E = Time spent auto-exploring this place.
 F = Levels seen in this place.
 G = Mean time per level.
                   A        B        C        D        E       F      G
               +--------+--------+--------+--------+--------+-----+--------+
         Total |    917 |    898 |     19 |      0 |    721 |   2 |  458.5 |
       Dungeon |    917 |    898 |     19 |      0 |    721 |   2 |  458.5 |
               +--------+--------+--------+--------+--------+-----+--------+

Top non-repeatable levels by time:
     D:1: 801 daAuts
     D:2: 116 daAuts
